AoeStats
← wilsonso35

Black Forest

508661461Analyzed
4v4 RM · 7d ago on Sep 23, 2026· 27m 30s· 8 players
Game mode
Random Map
Map size
Large (8 player)
Population
200
Speed
Normal
Resources
Standard
Victory
Conquest
Starting age
Dark Age
Ending age
Imperial Age
RankedLock teamsTeams togetherTeam positionsShared explorationLock speedFull tech treeHidden civsTurbo modeCheats
Victory
Defeat
🇭🇰 Mongols · Hong Kong SAR China
1139
+12
🇨🇳 Saxons · China
1096
+13
🇨🇳 Franks · China
1033
+16
🇹🇼 Goths · Taiwan
1016
+17
🇺🇸 Danes · United States
1097
-17
🇪🇸 Spanish · Spain
1064
-16
🇪🇸 Franks · Spain
1000
-13
🇮🇹 Mongols · Italy
986
-12
Josesmegol
0:52 Loom
14:13 Feudal Age
14:39 Double-Bit Axe
14:34 Horse Collar
21:52 Castle Age
19:53 Gold Mining
20:19 Stone Mining
20:43 Padded Archer Armor
20:59 Fletching
23:32 Bodkin Arrow
23:52 Leather Archer Armor
24:45 Bow Saw
27:29 Heavy Plow
Guty
0:28 Loom
12:18 Feudal Age
13:45 Wheelbarrow
12:58 Double-Bit Axe
20:17 Castle Age
18:41 Stone Mining
19:20 Gold Mining
21:15 Hand Cart
21:24 Bow Saw
23:35 Fletching
HartyHart
11:24 Feudal Age
12:35 Feudal Age
16:39 Castle Age
21:03 Man-at-Arms
22:15 Loom
23:54 Wheelbarrow
24:02 Horse Collar
24:55 Double-Bit Axe
25:15 Heavy Plow
25:08 Gold Mining
29:51 Imperial Age
Francescosti
5:04 Loom
14:05 Feudal Age
15:05 Double-Bit Axe
15:14 Gold Mining
15:15 Stone Mining
18:26 Castle Age
16:59 Horse Collar
19:59 Bow Saw
jerry80tim
0:53 Loom
14:58 Feudal Age
17:11 Wheelbarrow
17:12 Double-Bit Axe
18:02 Fishing Lines
20:55 Castle Age
19:22 Stone Mining
22:16 Bow Saw
随风
0:41 Loom
11:25 Feudal Age
16:57 Castle Age
17:33 Double-Bit Axe
19:05 Bow Saw
22:08 Wheelbarrow
23:09 Hand Cart
30:34 Imperial Age
wilsonso35
1:03 Loom
12:06 Feudal Age
13:25 Wheelbarrow
13:00 Fishing Lines
13:19 Double-Bit Axe
18:10 Castle Age
17:14 Stone Mining
17:27 Gold Mining
17:54 Horse Collar
19:08 Hand Cart
19:47 Heavy Plow
21:56 Town Watch
23:03 Bow Saw
23:20 Fletching
24:28 Gillnets
26:13 Bodkin Arrow
27:06 Gold Mining
27:20 Caravan
27:50 Padded Archer Armor
27:54 Husbandry
28:33 Gold Shaft Mining
两个小妹妹种田
11:53 Feudal Age
12:52 Double-Bit Axe
16:25 Castle Age
15:31 Horse Collar
17:10 Wheelbarrow
18:18 Bow Saw
20:07 Gold Mining
21:22 Fishing Lines
21:35 Fishing Lines
23:45 Town Watch
24:40 Stone Mining
30:21 Imperial Age
Connection lost

Rejoining the realm…

Still unreachable

The connection could not be restored.

Session expired

The server has moved on; the page needs a fresh start.